AoeStats
← 公鸡神探

Black Forest

506649907Analyzed
4v4 RM · 18d ago on Sep 14, 2026· 27m 21s· 8 players
Game mode
Random Map
Map size
Large (8 player)
Population
200
Speed
Normal
Resources
Standard
Victory
Conquest
Starting age
Dark Age
Ending age
Imperial Age
RankedLock teamsTeams togetherTeam positionsShared explorationLock speedFull tech treeHidden civsTurbo modeCheats
Victory
Defeat
🇩🇪 Aztecs · Germany
1161
+17
🇨🇳 Burgundians · China
1159
+17
🇺🇸 Turks · United States
1148
+17
🇹🇼 Malay · Taiwan
1117
+18
🇨🇳 Sicilians · China
1254
-20
🇨🇳 Burgundians · China
1246
-21
1124
-15
🇨🇳 Spanish · China
1065
-13
Salty
13:21 Feudal Age
17:16 Castle Age
15:27 Double-Bit Axe
18:33 Bow Saw
24:52 Ballistics
1602612460
8:31 Wheelbarrow
11:54 Feudal Age
13:41 Double-Bit Axe
18:24 Castle Age
17:33 Bow Saw
19:50 Horse Collar
23:10 Hand Cart
25:08 Forging
26:46 Heavy Plow
noziemann
0:47 Loom
10:36 Feudal Age
11:28 Man-at-Arms
13:48 Scale Mail Armor
mzk_TsushimaRiko
1:13 Loom
13:51 Feudal Age
17:18 Castle Age
15:07 Double-Bit Axe
15:23 Horse Collar
18:11 Bow Saw
公鸡神探
5:53 Double-Bit Axe
6:10 Loom
8:39 Horse Collar
11:39 Feudal Age
12:45 Bow Saw
17:25 Castle Age
20:05 Two-Man Saw
无甲的joe
1:31 Loom
6:49 Loom
9:10 Feudal Age
18:21 Fletching
23:31 Horse Collar
29:51 Castle Age
叶的第八章
11:58 Feudal Age
15:44 Castle Age
14:02 Horse Collar
14:27 Double-Bit Axe
21:40 Stone Mining
24:46 Bow Saw
24:37 Heavy Plow
25:27 Wheelbarrow
翻斗花园突破手绫小路
13:44 Feudal Age
15:28 Double-Bit Axe
18:12 Castle Age
16:09 Horse Collar
Connection lost

Rejoining the realm…

Still unreachable

The connection could not be restored.

Session expired

The server has moved on; the page needs a fresh start.